 Dungeon Crawl Stone Soup version 0.32-a0-599-gba8f9cf90e (webtiles) character file.

Game seed: 14329917064315356146

4618 ragingrage the Carver (level 10, -2/76 HPs)
             Began as a Formicid Delver on Mar 3, 2024.
             Was an Initiate of Gozag.
             Slain by Grum
             ... wielding a -1 halberd
              (15 damage)
             ... on level 9 of the Dungeon.
             The game lasted 00:09:44 (9508 turns).

ragingrage the Carver (Formicid Delver)             Turns: 9508, Time: 00:09:44

Health: -2/76      AC:  9    Str: 17    XL:     10   Next: 69%
Magic:  10/10      EV: 10    Int: 10    God:    Gozag
Gold:   1113       SH:  0    Dex: 25    Spells: 9/9 levels left

rFire   x . .        b - +0 triple sword (elec)
rCold   + + .        (no shield)
rNeg    . . .        o - +0 ice dragon scales
rPois   .            (helmet unavailable)
rElec   .            (no cloak)
rCorr   .            (no gloves)
SInv    +            (no boots)
Will    ++...        h - amulet of the acrobat
Stlth   ++           w - +6 ring of dexterity
HPRegen 0.32/turn    l - ring of willpower
MPRegen 0.12/turn

%: acrobat
@: gold aura
A: permanent stasis, dig shafts and tunnels, antennae 3, four strong arms
a: Dig, Shaft Self, Renounce Religion, Potion Petition, Call Merchant, Bribe
Branch


You were on level 9 of the Dungeon.
You worshipped Gozag.
Gozag was most pleased with you.
You visited 1 branch of the dungeon, and saw 9 of its levels.

You collected 1174 gold pieces.
You paid 61 gold pieces to Gozag.

Inventory:

Hand Weapons
 a - a +2 dagger of venom
 b - a +0 triple sword of electrocution (weapon)
 g - the +1 sling of Honesty {antimagic, rElec rPois Dex+2 SInv}
   (You found it on level 5 of the Dungeon)

   Dex+2:     It affects your dexterity (+2).
   rElec:     It insulates you from electricity.
   rPois:     It protects you from poison.
   SInv:      It lets you see invisible.
 i - a +0 long sword
 v - a +0 rapier
 C - a +0 dagger of venom
Missiles
 y - 12 poisoned darts
 E - an atropa-tipped dart
 J - a throwing net
Armour
 k - a +0 ring mail
 o - +0 ice dragon scales (worn)
Jewellery
 h - an amulet of the acrobat (around neck)
 l - a ring of willpower (right hand)
 w - a +6 ring of dexterity (left hand)
 O - a +6 ring of strength
Wands
 f - a wand of digging (3)
 q - a wand of charming (10)
 F - a wand of acid (10)
 H - a wand of mindburst (29)
 I - a wand of flame (13)
Scrolls
 c - 4 scrolls of fog
 d - 2 scrolls of revelation
 m - a scroll of silence
 n - a scroll of enchant armour {unknown}
 t - 3 scrolls of noise
 u - a scroll of enchant weapon
 x - 4 scrolls of poison
 D - a scroll of summoning
 G - a scroll of immolation
 K - a scroll of vulnerability
 M - a scroll of amnesia
Potions
 j - 4 potions of might
 p - a potion of attraction {unknown}
 r - a potion of invisibility {unknown}
 s - 2 potions of cancellation
 z - a potion of haste {unknown}
 A - 2 potions of brilliance
 B - 2 potions of mutation


   Skills:
 - Level 6.0 Fighting
 - Level 8.0(10.5) Short Blades
 + Level 10.7(11.8) Long Blades
 - Level 1.7 Dodging
 - Level 6.0 Stealth
 + Level 5.7 Evocations


You had 9 spell levels left.
You didn't know any spells.
Your spell library contained the following spells:

 Spells                   Type           Power      Damage    Failure   Level
 Magic Dart               Conj           0%         1d3       87%         1
 Call Imp                 Summ           0%         N/A       95%         2
 Call Canine Familiar     Summ           0%         N/A       99%         3
 Sigil of Binding         Hex            0%         N/A       99%         3
 Dimensional Bullseye     Hex/Tloc       0%         N/A       100%        4
 Blink                    Tloc           Unusable   N/A       N/A         2

Dungeon Overview and Level Annotations

Branches:
Dungeon (9/15)             Temple (0/1) D:5
   Lair: D:8-11         Orc: D:9-12

Altars:
Elyvilon
Fedhas
Gozag
Okawaru
Wu Jian
The Shining One

Shops:
D:3 *   D:5 *

Annotations:
D:3 1 runed translucent door, Crazy Yiuf
D:4 exclusion: downstairs
D:5 2 runed translucent doors, BeKind's ghost, amateur MiBe
D:6 1 exclusion
D:8 Psyche
D:9 Grum


Innate Abilities, Weirdness & Mutations

You cannot be hasted, slowed, berserked, paralysed or teleported.
You can dig through walls and to a lower floor.
You have a pair of large antennae on your head. (SInv)
Your four strong arms can wield two-handed weapons with a shield.


Message History

The orc wizard shouts!
The orc wizard mumbles some strange words.
The orc wizard flickers and vanishes for a moment.
The orc wizard closely misses you.
There is a dry fountain here.
You closely miss the orc wizard.
The orc wizard hits you with a +0 dagger.
You hit the orc wizard.
The orc wizard hits you but does no damage.
The orc wizard barely misses you.
You slash the orc wizard!
You kill the orc wizard!
You now have 1113 gold pieces (gained 5).
Things that are here:
a +0 dagger; a +0 robe No target in view!
There is an open door here.
You see here a serpent talisman.
A wolf comes into view.
A wolf is nearby!
A wolf is nearby!
A wolf is nearby!
The wolf howls!
The wolf bites you.
Grum the Hunter comes into view.
He is wielding a -1 halberd.
You hit the wolf. The wolf bites you! The wolf bites you.
You slash the wolf!
The wolf bites you but does no damage. x2
The wolf bites you.
You closely miss the wolf. The wolf barely misses you. The wolf bites you.
You slice the wolf!!
You kill the wolf!
Grum hits you from afar with a -1 halberd!!
Grum closely misses you.
You slice Grum!! Grum hits you with a -1 halberd!!
* * * LOW HITPOINT WARNING * * *
You hit Grum. Grum hits you with a -1 halberd!
* * * LOW HITPOINT WARNING * * *
You barely miss Grum. Grum hits you with a -1 halberd!
You die...
Your body crumbles into a pile of gold.

#.#.#..#.#.#####.# #.......#.#
#..........# #.# #.......#.#
#)##..##...### #.# #####.###.#
#)##..##.#...# #.# #.###.#
.)##.<...#.#.# #.# #......
########.#.#.###.##############.#
..........%......................
####.....#.#....$##########.#.#..
##.##..#.#####@.##### #.#..
#..##'##....##.g....# # #..
##.###.##.##.##.#....# # #..
#.)##...####.##.#....# #.#.#..
#)##..)..###.##.####.# #......
#)....⌠......##.####..# ###....
#####...###............. .....#.
#...# ##.##.......## ....##.
#...# #.#######... #.... #.


You could see Grum.

Vanquished Creatures
  A troll (D:9)
  A wraith (D:7)
  Edmund (D:5)
  A water moccasin (D:6)
  3 orc warriors
  A sky beast (D:4)
  3 black bears
  An ice beast (D:5)
  3 wolves (D:9)
  2 ogres (D:7)
  3 centaurs
  2 phantoms
  2 kobold brigands (D:9)
  4 bullfrogs
  A gnoll sergeant (D:7)
  5 scorpions
  8 wights
  4 killer bees
  A howler monkey (D:5)
  6 jellies
  2 bombardier beetles (D:6)
  6 orc priests
  5 hounds
  2 sleepcaps
  3 iguanas
  Ijyb (D:5)
  4 orc wizards
  8 gnolls
  13 adders
  3 white imps
  2 ufetubi (D:6)
  2 dart slugs
  8 orcs
  5 endoplasms
  A giant cockroach (D:2)
  6 goblins
  2 hobgoblins
  3 quokkas
  10 ball pythons
  2 bats (D:1)
  A frilled lizard (D:1)
  17 kobolds
  2 rats
161 creatures vanquished.

Vanquished Creatures (others)
  A water moccasin (D:8)
  A killer bee (D:8)
2 creatures vanquished.

Grand Total: 163 creatures vanquished

Notes
Turn   | Place    | Note
-------+----------+-------------------------------------------
     0 | D:5      | ragingrage the Formicid Delver began the quest for the Orb.
     0 | D:5      | Reached XP level 1. HP: 18/18 MP: 1/1
     3 | D:5      | Noticed Ijyb
    16 | D:4      | Noticed a scorpion
    16 | D:4      | Noticed a jelly
    24 | D:3      | Found Ezuxath's General Store.
   222 | D:1      | Reached XP level 2. HP: 17/24 MP: 2/2
   996 | D:1      | Reached XP level 3. HP: 28/29 MP: 3/3
  1544 | D:2      | Reached XP level 4. HP: 35/35 MP: 4/4
  1862 | D:3      | Found a blossoming altar of Fedhas.
  2039 | D:3      | Reached skill level 1 in Long Blades
  2159 | D:3      | Found a runed translucent door.
  2160 | D:3      | Noticed Crazy Yiuf
  2226 | D:4      | Noticed a scorpion
  2242 | D:4      | Killed a scorpion
  2243 | D:4      | Reached skill level 2 in Long Blades
  2243 | D:4      | Reached XP level 5. HP: 33/41 MP: 5/5
  2333 | D:4      | Found an opulent altar of Gozag.
  2335 | D:4      | Found an ornate altar of the Wu Jian Council.
  2409 | D:4      | Reached skill level 3 in Long Blades
  2508 | D:4      | Reached skill level 4 in Long Blades
  2508 | D:4      | Reached XP level 6. HP: 47/47 MP: 6/6
  2536 | D:4      | Found an iron altar of Okawaru.
  2541 | D:4      | Became a worshipper of Gozag Ym Sagoz the Greedy
  2713 | D:4      | Reached skill level 5 in Long Blades
  2725 | D:4      | HP: 2/46 [sleepcap (20)]
  3054 | D:4      | Reached XP level 7. HP: 52/52 MP: 7/7
  3339 | D:4      | Reached skill level 6 in Long Blades
  3454 | D:5      | Noticed Edmund
  3585 | D:5      | Identified the +1 sling of Honesty {antimagic, rElec rPois
                  | Dex+2 SInv}
  3649 | D:5      | Reached skill level 7 in Long Blades
  3653 | D:5      | Reached XP level 8. HP: 52/58 MP: 8/8
  3922 | D:5      | Noticed BeKind's ghost (amateur MiBe)
  3922 | D:5      | Found a large runed translucent door.
  3922 | D:5      | Found a large runed translucent door.
  3937 | D:5      | Reached skill level 8 in Long Blades
  4004 | D:5      | Found a staircase to the Ecumenical Temple.
  4149 | D:5      | Killed Edmund
  4174 | D:5      | Killed Ijyb
  4183 | D:4      | HP: 2/58 [poisoned by Ijyb]
  4464 | D:5      | Found Jynnuloc's Lightly-Used Armoury.
  4513 | D:5      | Reached skill level 9 in Long Blades
  5113 | D:6      | Reached skill level 5 in Short Blades
  5113 | D:6      | Reached XP level 9. HP: 64/64 MP: 9/9
  5354 | D:6      | Found a white marble altar of Elyvilon.
  5441 | D:6      | Found a glowing golden altar of the Shining One.
  6754 | D:7      | Identified a scroll of acquirement
  6756 | D:7      | Acquired a +0 triple sword of electrocution
  6786 | D:7      | Reached skill level 1 in Evocations
  7148 | D:7      | Reached XP level 10. HP: 58/73 MP: 10/10
  7461 | D:7      | Reached skill level 5 in Fighting
  8208 | D:8      | Noticed Psyche
  8233 | D:9      | Reached skill level 10 in Long Blades
  8851 | D:9      | Reached skill level 5 in Evocations
  9500 | D:9      | Noticed Grum
  9508 | D:9      | Slain by Grum

Illustrated notes

Levels and vault maps discovered:
D:1:      saegor_arrival_simple_a, layout_basic, roderic_lattice_a
D:2:      layout_loops_ring
D:3:      layout_rooms, general_overflow_altar, serial_shops, shop_statue,
          uniq_crazy_yiuf_cottage
D:4:      layout_basic, grunt_temple_overflow_open, minmay_checkerbox
D:5:      nicolae_BIG_FREAKIN_CUBE, layout_loops_ring,
          ebering_ghost_disaster_area, glass_columns_a, minmay_shop_damaged,
          dk_noncrumbling_2, uniq_ijyb, uniq_edmund
D:6:      minmay_chambers_of_fours, layout_layer_cave,
          mainiacjoe_overflow_surrounded_room, nicolae_tso_swordbearing_angel
D:7:      layout_basic, amethyst_killhole
D:8:      layout_loops_cross, uniq_psyche
D:9:      layout_basic, minmay_misc_feat_tower, grunt_ministairs_14, uniq_grum

Skill      XL: |  1  2  3  4  5  6  7  8  9 10 |
---------------+-------------------------------+-----
Short Blades   | 3 4 5 8 |  8.0
Long Blades    | 2 4 5 7 9 10 | 10.7
Evocations     | 2 5 |  5.7
Fighting       | 4 6 |  6.0
Dodging        | |  1.7
Stealth        | |  6.0

Action                     |  1- 3 |  4- 6 |  7- 9 | 10-12 || total
---------------------------+-------+-------+-------+-------++-------
  Melee: Short sword       |    91 |    21 |     7 |       ||   119
         Long sword        |       |    65 |   120 |       ||   185
         Dagger            |       |       |   185 |     4 ||   189
         Triple sword      |       |       |    25 |   108 ||   133
  Throw: Dart              |       |     4 |     5 |       ||     9
  Evoke: Wand              |       |       |       |     1 ||     1
    Use: Potion            |       |     2 |     1 |     2 ||     5
         Scroll            |       |       |    13 |     4 ||    17
   Stab: Sleeping          |    10 |     4 |     5 |     2 ||    21
         Distracted        |       |       |     6 |     3 ||     9
 Armour: Leather armour    |    20 |       |       |       ||    20
         Ring mail         |    26 |       |       |       ||    26
         Ice dragon scales |    12 |    59 |   224 |   111 ||   406
  Dodge: Dodged            |    32 |    29 |   164 |    79 ||   304

Table legend: (Time is in decaauts)
 A = Elapsed time spent in this place.
 B = Non-inter-level travel time spent in this place.
 C = Inter-level travel time spent in this place.
 D = Time resting spent in this place.
 E = Time spent auto-exploring this place.
 F = Levels seen in this place.
 G = Mean time per level.
                   A        B        C        D        E       F      G
               +--------+--------+--------+--------+--------+-----+--------+
         Total |   9435 |   9003 |    432 |   1686 |   5598 |   9 | 1048.3 |
       Dungeon |   9435 |   9003 |    432 |   1686 |   5598 |   9 | 1048.3 |
               +--------+--------+--------+--------+--------+-----+--------+

Top non-repeatable levels by time:
     D:4: 1664 daAuts
     D:6: 1630 daAuts
     D:7: 1293 daAuts
     D:5: 1175 daAuts
     D:9: 1134 daAuts
     D:1: 988 daAuts
     D:2: 648 daAuts
     D:3: 536 daAuts
     D:8: 364 daAuts
